 Dungeon Crawl Stone Soup version 0.21.1-1-g345015fe64 (webtiles) character file.

25422 jomper the Basher (level 12, -7/111 HPs)
             Began as a Minotaur Berserker on Mar 21, 2018.
             Was a High Priest of Trog.
             Mangled by a cyan ugly thing (13 damage)
             ... on level 15 of the Dungeon.
             The game lasted 00:57:42 (13091 turns).

jomper the Basher (Minotaur Berserker)             Turns: 13091, Time: 00:57:43

Health: -7/111     AC: 25    Str: 31    XL:     12   Next: 89%
Magic:  11/11      EV: 13    Int:  4    God:    Trog [*****.]
Gold:   835        SH: 19    Dex:  9    Spells: 11/11 levels left

rFire    . . .     SeeInvis .   a - +6 mace
rCold    . . .     Gourm    .   L - +0 large shield
rNeg     . . .     Faith    .   q - +7 plate armour of Cheibriados's Approval {Str+3}
rPois    .         Spirit   .   i - +1 hat
rElec    .         Reflect  .   t - +0 cloak
rCorr    .         Harm     .   (no gloves)
MR       .....                  (no boots)
Stlth    ..........             (no amulet)
HPRegen  0.28/turn              D - +5 ring of evasion
MPRegen  0.12/turn              J - +2 ring of slaying

@: berserk cooldown, slowed, very slow
A: retaliatory headbutt, horns 2
a: Berserk, Trog's Hand, Brothers in Arms, Burn Spellbooks, Renounce Religion


You were on level 15 of the Dungeon.
You worshipped Trog.
Trog was extremely pleased with you.
You were not hungry.

You visited 2 branches of the dungeon, and saw 16 of its levels.

You collected 835 gold pieces.

Inventory:

Hand Weapons
 a - a +6 mace (weapon)
Missiles
 j - 7 javelins (quivered)
 B - 3 tomahawks of dispersal
Armour
 i - a +1 hat (worn)
 q - the +7 plate armour of Cheibriados's Approval (worn) {Str+3}
   (You found it on level 6 of the Dungeon)

   It affects your strength (+3).
 t - a +0 cloak (worn)
 L - a +0 large shield (worn)
Jewellery
 r - an uncursed ring of protection from magic {unknown}
 D - a +5 ring of evasion (left hand)
 J - a +2 ring of slaying (right hand)
Wands
 s - a wand of paralysis (11)
 u - a wand of acid (8)
 y - a wand of enslavement (13)
 A - a wand of digging (18)
 E - a wand of random effects (42)
 G - a wand of polymorph (5)
Scrolls
 e - 3 scrolls of remove curse
 f - 6 scrolls of teleportation
 g - a scroll of blinking
 k - 3 scrolls of fog
 o - 2 scrolls of random uselessness {unknown}
 v - a scroll of magic mapping
 H - a scroll of fear
 K - a scroll of enchant weapon
Potions
 b - a potion of agility
 d - 4 potions of curing
 h - 2 potions of flight
 l - 2 potions of heal wounds {unknown}
 m - a potion of lignification
 p - a potion of cancellation
 w - a potion of berserk rage
 x - a potion of might {unknown}
 z - a potion of brilliance {unknown}
 C - a potion of resistance {unknown}
 F - a potion of haste {unknown}
 I - a potion of mutation {unknown}
Comestibles
 c - 10 rations


   Skills:
 + Level 11.7 Fighting
 - Level 14.0 Maces & Flails
 + Level 1.8 Throwing
 + Level 13.5 Armour
 + Level 7.0 Dodging
 + Level 2.0 Stealth
 + Level 10.2 Shields
 + Level 1.4 Unarmed Combat


You had 11 spell levels left.
You didn't know any spells.

Dungeon Overview and Level Annotations

Branches:
Dungeon (15/15)            Temple (0/1) D:6            Lair (0/6) D:11
    Orc (1/2) D:9
 Vaults: D:13-14     Depths: D:15

Altars:
Gozag
Hepliaklqana
Nemelex Xobeh
Ru
Xom
Beogh

Shops:
D:5 }

Annotations:
D:5 Prince Ribbit
Orc:1 Fannar


Innate Abilities, Weirdness & Mutations

You reflexively headbutt those who attack you in melee.
You have a pair of horns on your head.


Message History

Found an escape hatch in the floor.
Okay, then.
As you read the scroll of fear, it crumbles to dust.
You assume a fearsome visage.
The cyan ugly thing looks frightened! x2
Found 15 gold pieces.
There is an open door here.
You see here 15 gold pieces.
You block the cyan ugly thing's attack.
There is an escape hatch in the floor here.
The cyan ugly thing pecks you but does no damage.
You slide downwards.
The hatch slams shut behind you.
An ice beast, a centaur and a skeleton come into view.
The centaur shouts!
Found 21 sling bullets.
Something completely misses you.
The centaur wields a shortbow.
The centaur shoots an arrow.
You block the arrow. The cyan ugly thing pecks you!
* * * LOW HITPOINT WARNING * * *
The cyan ugly thing shocks you!
You die...

#. .... ... ##.
.... .... ..
.....
....##.####.....
.....#..........
................
................
.......u@.......
................
..............##
..............#
....Y.........#
..Z.........c##
...(.##.....##
##### #######


You could see a cyan ugly thing, an ice beast, a centaur and a centaur warrior
skeleton.

Vanquished Creatures
  Josephine (D:11)
  Erolcha (D:11)
  A catoblepas (D:13)
  4 two-headed ogres
  The ghost of VanClaymore the Blocker, a journeyman GrMo of Ru (D:11)
  Nergalle (D:11)
  2 unseen horrors
  Pikel (D:4)
  2 deep elf magi
  3 cyclopes
  6 ugly things
  Maurice (D:11)
  Joseph (D:8)
  A gargoyle (D:14)
  2 centaur skeletons
  A freezing wraith (D:14)
  2 yaktaurs (D:13)
  A troll (D:10)
  3 slime creatures (D:12)
  A meliai zombie (D:13)
  Sigmund (D:3)
  A spriggan (D:7)
  5 hippogriffs
  2 wyverns
  3 wraiths (D:11)
  5 vampire mosquitoes
  A hungry ghost (D:10)
  Grum (D:11)
  An acid dragon (D:13)
  3 sky beasts
  3 orc warriors
  2 necrophages
  3 ice beasts
  4 black bears
  An eye of draining (D:10)
  4 phantoms
  2 ogres (D:10)
  A slave (D:4)
  3 wolves (D:11)
  6 centaurs
  A boggart (D:13)
  2 big kobolds
  7 bullfrogs
  Blork the orc (D:4)
  A gnoll sergeant (D:13)
  A wyvern skeleton (D:13)
  4 jellies
  4 scorpions
  3 wights (D:12)
  4 howler monkeys
  2 centaur zombies
  4 crimson imps
  4 bullfrog zombies
  2 quasits
  2 hounds
  8 orc priests
  4 bullfrog skeletons
  11 orc wizards
  Jessica (D:3)
  5 iguanas
  Terence (D:3)
  6 worker ants
  A hound zombie (D:8)
  4 gnolls (D:13)
  15 adders
  A river rat (D:6)
  2 shadow imps
  An adder zombie (D:6)
  2 worms
  4 leopard geckos
  30 orcs
  A ball python (D:6)
  10 bats
  5 giant cockroaches
  4 hobgoblins
  11 jackals
  A quokka (D:3)
  4 frilled lizards
  7 goblins
  A jackal skeleton (D:4)
  9 kobolds
  8 rats
287 creatures vanquished.

Vanquished Creatures (collateral kills)
  A deep elf knight (D:13)
  An ugly thing (D:14)
  An orc knight (D:13)
  3 deep elf magi (D:13)
  2 yaktaurs (D:13)
  A basilisk (D:13)
  An orc warrior (D:13)
  2 big kobolds (D:13)
  An orc wizard (D:13)
13 creatures vanquished.

Vanquished Creatures (others)
  5 dream sheep (D:12)
  A big kobold (D:13)
  A hound (D:12)
  An adder skeleton (D:4)
  3 orcs (Orc:1)
11 creatures vanquished.

Grand Total: 311 creatures vanquished

Notes
Turn   | Place    | Note
-------+----------+-------------------------------------------
     0 | D:1      | jomper the Minotaur Berserker began the quest for the Orb.
     0 | D:1      | Reached XP level 1. HP: 19/19 MP: 0/0
   487 | D:1      | Reached skill level 4 in Maces & Flails
   487 | D:1      | Reached XP level 2. HP: 25/27 MP: 1/1
  1857 | D:2      | Reached XP level 3. HP: 33/33 MP: 2/2
  1888 | D:2      | Reached ** piety under Trog
  2216 | D:3      | Noticed Sigmund
  2231 | D:3      | Killed Sigmund
  2231 | D:3      | Reached skill level 5 in Maces & Flails
  2231 | D:3      | Reached XP level 4. HP: 41/41 MP: 3/3
  2231 | D:3      | Reached XP level 5. HP: 47/47 MP: 4/4
  2357 | D:3      | Reached XP level 6. HP: 53/53 MP: 5/5
  2401 | D:3      | Noticed a hippogriff
  2407 | D:3      | Killed a hippogriff
  2407 | D:3      | Reached skill level 6 in Maces & Flails
  2478 | D:3      | Noticed Terence
  2489 | D:3      | Killed Terence
  2778 | D:3      | Noticed Jessica
  2789 | D:3      | Killed Jessica
  2807 | D:3      | Reached XP level 7. HP: 51/60 MP: 6/6
  2810 | D:3      | Reached skill level 1 in Shields
  3073 | D:4      | Reached skill level 5 in Fighting
  3157 | D:4      | Noticed Pikel
  3167 | D:4      | Killed Pikel
  3167 | D:4      | Reached skill level 7 in Maces & Flails
  3167 | D:4      | Reached skill level 5 in Armour
  3167 | D:4      | Reached skill level 5 in Dodging
  3167 | D:4      | Reached XP level 8. HP: 68/68 MP: 7/7
  3202 | D:4      | Noticed Blork the orc
  3224 | D:4      | Killed Blork the orc
  3722 | D:5      | Entered Level 5 of the Dungeon
  3823 | D:5      | Noticed Prince Ribbit
  4342 | D:5      | Reached skill level 8 in Maces & Flails
  4386 | D:5      | Found Eptuyn Loci's Gadget Emporium.
  4526 | D:5      | Reached skill level 1 in Stealth
  5261 | D:6      | Reached *** piety under Trog
  5278 | D:6      | Got a dazzling plate armour
  5290 | D:6      | Identified the +7 plate armour of Cheibriados's Approval {Str+3} (You found it on level 6 of the Dungeon)
  5596 | D:6      | Reached skill level 9 in Maces & Flails
  5596 | D:6      | Reached XP level 9. HP: 75/75 MP: 8/8
  5730 | D:6      | Found a staircase to the Ecumenical Temple.
  5948 | D:6      | Found a hazy altar of Hepliaklqana.
  6281 | D:7      | Found an opulent altar of Gozag.
  6763 | D:8      | Noticed a two-headed ogre
  6775 | D:8      | Killed a two-headed ogre
  6775 | D:8      | Reached skill level 10 in Maces & Flails
  6775 | D:8      | Reached skill level 5 in Shields
  6944 | D:8      | Reached skill level 11 in Maces & Flails
  6956 | D:8      | Noticed Joseph
  6965 | D:8      | Killed Joseph
  6965 | D:8      | Reached XP level 10. HP: 34/86 MP: 9/9
  7001 | D:8      | Reached **** piety under Trog
  7179 | D:8      | Found a sparkling altar of Nemelex Xobeh.
  7972 | D:9      | Noticed a two-headed ogre
  7981 | D:9      | Killed a two-headed ogre
  7981 | D:9      | Reached skill level 1 in Throwing
  8110 | D:9      | Found a staircase to the Orcish Mines.
  8124 | D:9      | Found a roughly hewn altar of Beogh.
  8175 | Orc:1    | Entered Level 1 of the Orcish Mines
  8175 | Orc:1    | Noticed Fannar
  8181 | Orc:1    | Noticed a cyclops
  8182 | Orc:1    | Reached skill level 12 in Maces & Flails
  8717 | D:10     | Entered Level 10 of the Dungeon
  9008 | D:10     | Noticed a two-headed ogre
  9019 | D:10     | Killed a two-headed ogre
  9528 | D:11     | Reached XP level 11. HP: 89/95 MP: 10/10
  9537 | D:11     | Noticed Maurice
  9556 | D:11     | Killed Maurice
  9625 | D:11     | Reached skill level 13 in Maces & Flails
  9625 | D:11     | Reached skill level 10 in Armour
  9668 | D:11     | Noticed a two-headed ogre
  9681 | D:11     | Killed a two-headed ogre
  9771 | D:11     | Noticed Josephine
  9786 | D:11     | Killed Josephine
  9850 | D:11     | Noticed Erolcha
  9859 | D:11     | Reached ***** piety under Trog
  9862 | D:11     | Paralysed by Erolcha for 5 turns
  9868 | D:11     | Killed Erolcha
  9868 | D:11     | Reached skill level 1 in Unarmed Combat
  9915 | D:11     | Noticed VanClaymore's ghost (journeyman GrMo)
  9926 | D:11     | Killed VanClaymore's ghost
 10004 | D:11     | Found a staircase to the Lair.
 10007 | D:11     | Noticed Nergalle
 10017 | D:11     | Killed Nergalle
 10152 | D:11     | Noticed Grum
 10173 | D:11     | Killed Grum
 10625 | D:12     | Killed an unseen horror
 10871 | D:12     | Noticed a red ugly thing
 10887 | D:12     | Killed a red ugly thing
 10887 | D:12     | Reached skill level 10 in Fighting
 11084 | D:12     | Found a shimmering altar of Xom.
 11090 | D:12     | Noticed a deep elf mage
 11109 | D:12     | Killed a deep elf mage
 11490 | D:12     | Noticed a red ugly thing
 11504 | D:12     | Killed a red ugly thing
 11504 | D:12     | Reached XP level 12. HP: 63/106 MP: 11/11
 11814 | D:13     | Found a sacrificial altar of Ru.
 12047 | D:13     | Reached skill level 14 in Maces & Flails
 12292 | D:13     | Noticed a catoblepas
 12326 | D:13     | Killed a catoblepas
 12914 | D:14     | Received a gift from Trog
 12979 | D:14     | Reached skill level 10 in Shields
 13063 | D:14     | HP: 3/111 [cyan ugly thing (16)]
 13090 | D:15     | Entered Level 15 of the Dungeon
 13091 | D:15     | Mangled by a cyan ugly thing

Skill      XL: |  1  2  3  4  5  6  7  8  9 10 11 12 |
---------------+-------------------------------------+-----
Maces & Flails | 4 5 6 7 9 11 12 13 14 | 14.0
Fighting       | 4 5 7 8 10 11 | 11.7
Armour         | 3 4 5 7 8 9 11 13 | 13.5
Dodging        | 3 4 5 6 7 |  7.0
Shields        | 2 3 5 6 8 10 | 10.2
Stealth        | 1 2 |  2.0
Throwing       | 1 |  1.8
Unarmed Combat | 1 |  1.4

Action                   |  1- 3 |  4- 6 |  7- 9 | 10-12 || total
-------------------------+-------+-------+-------+-------++-------
Melee: Mace              |   105 |    52 |   249 |   490 ||   896
       Headbutt          |    19 |    10 |    58 |   119 ||   206
       Unarmed           |       |       |       |     7 ||     7
Throw: Javelin           |       |       |     2 |    14 ||    16
Invok: Berserk           |     3 |     3 |     7 |    17 ||    30
       Trog's Hand       |       |       |     1 |       ||     1
       Burn Spellbooks   |       |       |       |     4 ||     4
       Brothers in Arms  |       |       |       |     3 ||     3
  Use: Scroll            |     2 |     6 |    10 |    10 ||    28
       Potion            |       |       |     1 |     7 ||     8
  Eat: Chunk             |     3 |     5 |     8 |    12 ||    28
       Ration            |     1 |       |     4 |     7 ||    12
Armor: Animal skin       |     4 |       |       |       ||     4
       Ring mail         |    26 |    26 |    62 |       ||   114
       Scale mail        |     6 |       |       |       ||     6
       Plate armour      |       |       |    82 |   352 ||   434
       Skin              |       |       |       |     1 ||     1
Dodge: Dodged            |    60 |    29 |   136 |   387 ||   612
Block: Buckler           |     4 |    10 |    60 |   157 ||   231
       Large shield      |       |       |       |    63 ||    63
